 Dungeon Sprint DCSS version 0.14-a0-1721-g84c87b2 (webtiles) character file.

2232 Psiweapon the Grappler (level 9, -5/90 HPs)
             Began as a Troll Chaos Knight on Jan 2, 2014.
             Was a Plaything of Xom.
             Slain by an orc warrior
             ... wielding a -1,+1 orcish falchion
              (24 damage)
             ... in the Dungeon (Sprint III: "The Ten Rune Challenge").
             The game lasted 00:04:25 (536 turns).

Psiweapon the Grappler (Troll Chaos Knight)          Turns: 536, Time: 00:04:31

HP  -5/90        AC  7     Str 25      XL: 9   Next: 12%
MP   6/9         EV 13     Int  8      God: Xom
Gold 26          SH  0     Dex  9      Spells:  0 memorised,  8 levels left

rFire  . . .     SeeInvis .       - Unarmed
rCold  . . .     Clarity  .     b - +2 robe
rNeg   . . .     Conserve .     (shield restricted)
rPois  .         rCorr    .     (helmet restricted)
rElec  .         rRot     .     (no cloak)
SustAb . .       Spirit   .     (gloves unavailable)
rMut   .         Warding  .     (boots unavailable)
Gourm  +         NoTele   +     (no amulet)
                                (no ring)
                                (no ring)

@: slightly resistant to hostile enchantments, unstealthy
A: unfitting armour, claws 3, berserk 1, deterioration 1, fast metabolism 3,
frail 1, gourmand, low mp 1, regeneration 2, saprovore 2, shaggy fur 1, tough
skin 2
a: Renounce Religion


You were in the Dungeon.
You worshipped Xom.
You were a toy of Xom.
You were completely stuffed.

You visited 1 branch You collected 26 gold pieces.

Inventory:

Hand weapons
 i - a +3,+1 elven long sword of holy wrath
 u - a +0,+1 scimitar of flaming
Armour
 b - a +2 robe (worn)
Magical devices
 g - a wand of polymorph (11)
Comestibles
 a - 2 meat rations
 m - a choko
 q - 2 royal jellies
 r - a chunk of demigod flesh
 s - a chunk of warg flesh
 v - 2 chunks of human flesh
Scrolls
 h - a scroll of blinking
 j - 2 scrolls of immolation {unknown}
 k - a scroll of identify {unknown}
 l - 4 scrolls of remove curse
Potions
 c - a potion of curing
 d - a potion of heal wounds
 f - 2 potions of magic
 n - 2 potions of cure mutation {unknown}
 o - 4 potions of flight
 p - 2 potions of decay {unknown}
Books
 e - a book of the Warp

   Spells                             Type                      Level
   Recall                             Summoning/Translocation      3
   Control Teleport                   Charms/Translocation         4
   Phase Shift                        Translocation                5
   Warp Weapon                        Charms/Translocation         5
   Dispersal                          Translocation                6
   Controlled Blink                   Translocation                7
   Disjunction                        Translocation                8
Miscellaneous
 t - a lamp of fire


   Skills:
 + Level 9.8 Fighting
 + Level 9.6 Dodging
 - Level 1.2 Stealth
 + Level 12.3 Unarmed Combat
 + Level 4.5 Evocations


You had 8 spell levels left.
You didn't know any spells.

Dungeon Overview and Level Annotations

Branches:
Dungeon (1/1)

Altars:
Cheibriados
Elyvilon
Fedhas
Kikubaaqudgha
Makhleb
Nemelex Xobeh
Okawaru
Sif Muna
Trog
Vehumet
Xom
Yredelemnul
Zin
the Shining One


Innate Abilities, Weirdness & Mutations

You are too large for most types of armour.
You have claws for hands.
Your metabolism is lightning-fast.
You like to eat raw meat.
You heal very quickly.
You can eat rotten meat.
You are covered in fur (AC +1).
You have very tough skin (AC +2).
You tend to lose your temper in combat.
Your body is slowly deteriorating.
You are frail (-10% HP).
Your magical capacity is low (-10% MP).


Message History

The orc warrior hits you with an orcish falchion!
You hit the orc knight.
The orc knight is almost dead.
Your fire elemental barely misses the orc.
The orc knight hits you with an orcish great sword!
* * * LOW HITPOINT WARNING * * *
The orc hits your fire elemental with an orcish mace!
You barely miss the orc knight. You claw the orc knight!
You kill the orc knight!
Your Unarmed Combat skill increases to level 12!
Your Evocations skill increases to level 4!
You have reached level 9!
Your experience leads to an increase in your attributes!
Increase (S)trength, (I)ntelligence, or (D)exterity?
You feel stronger.
Your lamp of fire has recharged.
Your fire elemental closely misses the orc.
The orc completely misses your fire elemental.
The orc warrior hits you with an orcish falchion!
You die... ▓▓▓ **▓* ##.############∆$##**o∆* ##..#___#__[#__##$. ∆ o∆ .#..#...#.).#._#$). ooo * .#..###'#'###'##.o, o, o*∆ '#..#........).#Eo ooo

oo∆*
#...+.⌠........#o##o**o∆
#...#...######'#)o#∆o** ∆∆
* ....#.⌠.#..#...#@#####**
* ....#.).#_.#...#§§§≈≈+
....#'###_.#...#§#§≈≈#,
....#)..#_.#...'.#§§§#
..F.#___#..'...#.#§§§#,8,*,
▓▓▓▓▓▓▓▓▓▓▓▓▓▓▓▓▓▓▓▓▓▓ ** F
l,* * ≈ f @, , , ≈ + ≈ ≈f l
F * *


You could see an orc warrior (frenzied), 3 orcs and a friendly fire elemental.

Vanquished Creatures
  Erica (D)
  An orc knight (D)
  A deep elf priest (D)
  A spatial vortex (D)
  A demigod (D)
  A necrophage (D)
  A warg (D)
  A water elemental (D)
  A wizard (D)
  A necromancer (D)
  An orc wizard (D)
  3 humans (D)
  Jessica (D)
  A kobold demonologist (D)
  A giant mite (D)
  2 grey rats (D)
  A phantom (D)
  An ooze (D)
  4 orcs (D)
25 creatures vanquished.

Vanquished Creatures (others)
  2 draconian scorchers (D)
2 creatures vanquished.

Grand Total: 27 creatures vanquished

Notes
Turn   | Place    | Note
--------------------------------------------------------------
     0 | D        | Psiweapon, the Troll Chaos Knight, began the quest for the Orb.
     0 | D        | Reached XP level 1. HP: 22/22 MP: 1/1
    23 | D        | Noticed Jessica
    29 | D        | Killed Jessica
    29 | D        | Reached skill level 4 in Unarmed Combat
    29 | D        | Reached XP level 2. HP: 30/32 MP: 1/1
    88 | D        | XOM: harmless Trmt miscast
    95 | D        | Reached skill level 5 in Unarmed Combat
    95 | D        | Reached XP level 3. HP: 26/39 MP: 2/2
   136 | D        | Gained mutation: Your body is slowly deteriorating. [potion of mutation]
   136 | D        | Gained mutation: You are frail (-10% HP). [potion of mutation]
   137 | D        | Gained mutation: You tend to lose your temper in combat. [potion of mutation]
   137 | D        | Gained mutation: Your magical capacity is low (-10% MP). [potion of mutation]
   142 | D        | Noticed a water elemental
   162 | D        | Killed a water elemental
   162 | D        | Reached skill level 5 in Fighting
   162 | D        | Reached skill level 6 in Unarmed Combat
   162 | D        | Reached XP level 4. HP: 26/45 MP: 1/1
   168 | D        | Found a radiant altar of Vehumet.
   168 | D        | Found a deep blue altar of Sif Muna.
   168 | D        | Found an ancient bone altar of Kikubaaqudgha.
   168 | D        | Noticed a wizard
   173 | D        | Killed a wizard
   173 | D        | Reached XP level 5. HP: 24/51 MP: 1/1
   174 | D        | Noticed a blue devil
   179 | D        | Reached skill level 7 in Unarmed Combat
   183 | D        | XOM: divination: detect creatures
   218 | D        | Killed a white draconian scorcher
   270 | D        | Found a glowing silver altar of Zin.
   270 | D        | Found a glowing golden altar of the Shining One.
   270 | D        | Found a white marble altar of Elyvilon.
   271 | D        | Noticed a deep elf priest
   285 | D        | Killed a deep elf priest
   285 | D        | Reached skill level 9 in Unarmed Combat
   285 | D        | Reached XP level 6. HP: 48/63 MP: 2/2
   309 | D        | Found an iron altar of Okawaru.
   309 | D        | Found a bloodstained altar of Trog.
   309 | D        | Noticed a human
   309 | D        | Noticed a human
   313 | D        | Killed a human
   316 | D        | XOM: divination: magic mapping
   318 | D        | Killed a human
   318 | D        | Reached skill level 1 in Stealth
   318 | D        | Reached skill level 10 in Unarmed Combat
   318 | D        | Reached XP level 7. HP: 71/71 MP: 2/2
   320 | D        | Killed a white draconian scorcher
   369 | D        | Found a basalt altar of Yredelemnul.
   369 | D        | Found a snail-covered altar of Cheibriados.
   369 | D        | Found a blossoming altar of Fedhas.
   369 | D        | Noticed a necrophage
   369 | D        | Noticed a necromancer
   371 | D        | Killed a necromancer
   373 | D        | Killed a necrophage
   378 | D        | Noticed a jelly
   378 | D        | XOM: harmless Trmt miscast
   379 | D        | a jelly changed into a warg
   380 | D        | Noticed a demigod
   382 | D        | XOM: harmless Hex miscast
   394 | D        | Killed a demigod
   430 | D        | Found a burning altar of Makhleb.
   430 | D        | Found a shimmering altar of Xom.
   430 | D        | Noticed a spatial vortex
   439 | D        | Killed a spatial vortex
   439 | D        | Reached skill level 11 in Unarmed Combat
   439 | D        | Reached XP level 8. HP: 72/80 MP: 2/2
   442 | D        | Found a sparkling altar of Nemelex Xobeh.
   457 | D        | Noticed Erica
   462 | D        | Killed Erica
   514 | D        | Noticed an orc priest
   515 | D        | an orc priest changed into a giant mite
   519 | D        | Noticed an orc warrior
   520 | D        | XOM: divination: detect items
   521 | D        | Noticed an orc knight
   525 | D        | Noticed an orc wizard
   527 | D        | Killed an orc wizard
   530 | D        | XOM: divination: magic mapping
   536 | D        | Killed an orc knight
   536 | D        | Reached skill level 12 in Unarmed Combat
   536 | D        | Reached XP level 9. HP: 19/90 MP: 6/9
   536 | D        | Slain by an orc warrior

Action                   |  1- 3 |  4- 6 |  7- 9 || total
-------------------------+-------+-------+-------++-------
Melee: Unarmed           |    38 |    31 |    41 ||   110
Evoke: Wand              |       |       |     3 ||     3
       lamp of fire      |       |       |     1 ||     1
  Use: Potion            |     6 |       |       ||     6
